 Dungeon Sprint DCSS version 0.26.1-11-gd32895ea62 (webtiles) character file.

Game seed: 9177307929189211055

3453 Zeld the Peltast (level 9, -21/89 HPs)
             Began as a Deep Dwarf Fighter on June 9, 2021.
             Killed from afar by Jyer the pandemonium lord (71 damage)
             ... with an iron shot
             ... in the Dungeon (Sprint V: "Ziggurat Sprint").
             The game lasted 00:03:04 (1964 turns).

Zeld the Peltast (Deep Dwarf Fighter)               Turns: 1964, Time: 00:03:04

Health: -21/89     AC: 21    Str: 35    XL:     9   Next: 78%
Magic:  8/8        EV:  4    Int:  9    God:
Gold:   0          SH: 27    Dex: 12    Spells: 8/8 levels left

rFire    . . .     SeeInvis +   t - +14 obsidian axe {vorpal, +Fly SInv *Curse} (curse)
rCold    . . .     Faith    .   l - +3 tower shield
rNeg     . . .     Spirit   .   k - +5 crystal plate armour
rPois    .         Reflect  .   (no helmet)
rElec    .         Harm     .   (no cloak)
rCorr    .         Rampage  .   (no gloves)
Will     .....     NoTele   +   (no boots)
Stlth    ..........             A - amulet of Vitality {Regen+ HP+15}
HPRegen  0.00/turn              x - +6 ring of strength
MPRegen  0.11/turn              y - +6 ring of strength

@: weak-willed, mesmerised, non-regenerating, slowed, very slow
A: damage resistance, heal wounds, low mp 1, sense surroundings 2, no
regeneration
a: Heal Wounds, Evoke Flight


You were in the Dungeon.
You visited 1 branch

Inventory:

Hand Weapons
 m - a +5 broad axe
 t - the cursed +14 obsidian axe (weapon) {vorpal, +Fly SInv *Curse}
   (You found it in the Dungeon)

   It inflicts extra damage upon your enemies.
   It lets you see invisible.
   It lets you fly.
   It curses itself when equipped.
   It has a curse placed upon it.
Armour
 k - a +5 crystal plate armour (worn)
 l - a +3 tower shield (worn)
Jewellery
 x - a +6 ring of strength (left hand)
 y - a +6 ring of strength (right hand)
 A - the amulet of Vitality (around neck) {Regen+ HP+15}
   (You found it in the Dungeon)

   [amulet of regeneration]

   It affects your health (+15).
   It increases your rate of regeneration.
Wands
 u - a wand of disintegration (7)
 v - a wand of iceblast (7)
 w - a wand of acid (7)
Scrolls
 a - 4 scrolls of amnesia
 b - 7 scrolls of fog
 c - a scroll of holy word
 j - 4 scrolls of blinking
 n - 5 scrolls of identify
 o - 5 scrolls of remove curse
 p - 2 scrolls of fear
Potions
 d - 6 potions of might
 e - 10 potions of curing
 f - 10 potions of heal wounds
 g - 6 potions of haste
 h - 7 potions of magic
 i - 3 potions of berserk rage
 q - 2 potions of brilliance
 r - a potion of invisibility
 s - 4 potions of resistance
Miscellaneous
 z - a lightning rod (4/4)
 D - a phial of floods


   Skills:
 - Level 2.6 Fighting
 * Level 16.7 Axes
 - Level 3.2 Armour
 * Level 18.6 Shields


You had 8 spell levels left.
You didn't know any spells.
Your spell library was empty.

Dungeon Overview and Level Annotations

Branches:
Dungeon (1/1)

Altars:
Ashenzari
Cheibriados
Dithmenos
Elyvilon
Fedhas
Gozag
Hepliaklqana
Kikubaaqudgha
Makhleb
Nemelex Xobeh
Okawaru
Qazlal
Ru
Sif Muna
Trog
Uskayaw
Vehumet
Wu Jian
Xom
Yredelemnul
Zin
The Shining One
Beogh
Jiyva
Lugonu


Innate Abilities, Weirdness & Mutations

You are resistant to damage.
You can heal yourself by infusing magical energy.
You passively map the area around you.
You do not regenerate.
Your magical capacity is low. (-10% MP)


Message History

You kill the chaos spawn!
The chaos spawn degenerates into a cloud of primal chaos!
You slash the crimson imp!
You kill the crimson imp!
You closely miss the neqoxec.
Visions of slaying the neqoxec flood into your mind.
Jyer is engulfed in seething chaos.
Jyer is moving more slowly.
Jyer claws you!
The red devil hits you but does no damage.
The neqoxec gestures.
Your rust devil closely misses the neqoxec.
You completely miss the neqoxec.
The neqoxec is heavily wounded.
You miss the crimson imp. You slash the shadow imp!
You kill the shadow imp!
You hit Jyer.
Visions of slaying Jyer flood into your mind.
Jyer gestures at you. The iron shot hits you!!!!
Ouch! That really hurt!
You die...

* , 8 ,, , ,
,,,▓..})=..▓
, ,,
▓...:[..▓
,,,,
▓.......▓
,▓.......▓
,* ,
▓.......▓ ,
, 5.45... *
, ▓.▓3&.▓.▓
,, ©,
▓545@...▓ *
*▓▓▓▓▓▓▓▓▓ 8
, , *, * ,
,, * *, , ,
,, , ,,, , ,
* , , , , ,
, ,, *


You could see Jyer (mesmerising, petrifying), a neqoxec (corroded), a red devil,
an iron imp (summoned, expiring), a quasit (summoned), 2 crimson imps and a
friendly rust devil (summoned).

Vanquished Creatures
  4 draconians (D)
  An eye of devastation (D)
  An ice devil (D)
  2 slime creatures (D)
  A chaos spawn (D)
  2 floating eyes (D)
  An eye of draining (D)
  A phantom (D)
  A necrophage (D)
  A crimson imp (D)
  A jelly (D)
  An orc wizard (D)
  3 orc priests (D)
  2 oozes (D)
  An orc (D)
23 creatures vanquished.

Vanquished Creatures (collateral kills)
  A golden eye (D)
  2 phantoms (D)
  A necrophage (D)
4 creatures vanquished.

Grand Total: 27 creatures vanquished

Notes
Turn   | Place    | Note
-------+----------+-------------------------------------------
     0 | D        | Zeld the Deep Dwarf Fighter began the quest for the Orb.
     0 | D        | Reached XP level 1. HP: 20/20 MP: 1/1
     1 | D        | Banished a spatial maelstrom
     3 | D        | Found a blossoming altar of Fedhas.
     4 | D        | Found the +6 Majin-Bo {vamp, MP+6 Int+6}
     4 | D        | Found the +9 heavy crossbow "Sniper" {vorpal, Acc+∞ SInv}
     4 | D        | Found the +10 dark maul {vorpal}
     4 | D        | Found the +15 Maxwell's patent armour {-Cast -Tele rElec
                  | Will+ rCorr}
     4 | D        | Found the +18 shield of the Gong {rElec rN+ Will+ EV-5}
     4 | D        | Found the cursed +14 obsidian axe {vorpal, +Fly SInv
                  | *Curse}
     4 | D        | Found the +7 great mace "Firestarter" {inner flame, rF++}
     4 | D        | Found the +6 shillelagh "Devastator" {shatter}
     4 | D        | Found the +11 plutonium sword {*Contam Stlth-}
     4 | D        | Found the +8 lance "Wyrmbane" {slay drac, rPois rF+ rC+
                  | AC+3}
     4 | D        | Found the +9 sword of Zonguldrok {reap}
     4 | D        | Found the cursed +13 scythe of Curses {drain, *Curse}
     4 | D        | Found the +5 sword of Power {vorpal}
     4 | D        | Found the +7 mace of Variability {chain chaos}
     4 | D        | Found the +7 Singing Sword {vorpal, sonic wave}
     4 | D        | Found the +8 storm bow {elec, penet}
     5 | D        | Found a viscous altar of Jiyva.
     5 | D        | Found a hazy altar of Hepliaklqana.
     5 | D        | Found a transporter.
     5 | D        | Found an opulent altar of Gozag.
     5 | D        | Found an ancient bone altar of Kikubaaqudgha.
     5 | D        | Found a corrupted altar of Lugonu.
     7 | D        | Banished a spatial maelstrom
    33 | D        | Found a burning altar of Makhleb.
    34 | D        | Found a sacrificial altar of Ru.
    34 | D        | Found a stormy altar of Qazlal.
    34 | D        | Found a shimmering blue altar of Sif Muna.
    34 | D        | Found an iron altar of Okawaru.
    34 | D        | Found a bloodstained altar of Trog.
    34 | D        | Found a sparkling altar of Nemelex Xobeh.
    49 | D        | Reached skill level 6 in Shields
    49 | D        | Reached XP level 2. HP: 27/27 MP: 2/2
   100 | D        | Entered arena 2.
   100 | D        | Found a transporter.
   104 | D        | Reached skill level 7 in Shields
   104 | D        | Reached XP level 3. HP: 22/33 MP: 3/3
   105 | D        | Reached skill level 8 in Shields
   229 | D        | Got the +1 leather armour of Pach {Str+4}
   398 | D        | Entered arena 3.
   398 | D        | Found a transporter.
   402 | D        | Reached XP level 4. HP: 21/40 MP: 4/4
   405 | D        | Reached skill level 9 in Shields
   806 | D        | Entered arena 4.
   806 | D        | Noticed a draconian
   806 | D        | Noticed a draconian
   806 | D        | Noticed a draconian
   806 | D        | Noticed a draconian
   806 | D        | Found a transporter.
   807 | D        | Found the amulet of Vitality {Regen+ HP+15}
   813 | D        | Killed a draconian
   814 | D        | Reached skill level 11 in Shields
   814 | D        | Reached XP level 5. HP: 36/46 MP: 5/5
   814 | D        | Reached XP level 6. HP: 43/55 MP: 6/6
   819 | D        | Killed a draconian
   820 | D        | Reached skill level 13 in Shields
   820 | D        | Reached XP level 7. HP: 44/61 MP: 7/7
   820 | D        | Killed a draconian
   821 | D        | Reached skill level 14 in Shields
   821 | D        | Reached XP level 8. HP: 49/68 MP: 8/8
   822 | D        | Killed a draconian
  1343 | D        | Entered arena 5.
  1343 | D        | Noticed a slime creature
  1343 | D        | Found a transporter.
  1344 | D        | Paralysed by a floating eye for 4 turns
  1351 | D        | Killed a slime creature
  1352 | D        | Reached skill level 15 in Axes
  1352 | D        | Reached skill level 15 in Shields
  1488 | D        | Entered arena 6.
  1488 | D        | Found a transporter.
  1493 | D        | Gained mutation: You passively map the area around you.
                  | [Deep Dwarf growth]
  1493 | D        | Reached XP level 9. HP: 48/74 MP: 9/9
  1494 | D        | Reached skill level 16 in Shields
  1743 | D        | Entered arena 7.
  1743 | D        | Noticed an eye of devastation
  1744 | D        | Found a transporter.
  1749 | D        | Reached skill level 17 in Shields
  1751 | D        | Killed an eye of devastation
  1752 | D        | Reached skill level 18 in Shields
  1760 | D        | Got the ring "Teaxyh" {*Drain rElec Will+ rCorr Dex+5}
  1948 | D        | Entered arena 8.
  1948 | D        | Noticed an ice devil
  1948 | D        | Noticed Jyer the pandemonium lord
  1948 | D        | Noticed a red devil
  1949 | D        | Noticed a shadow wraith
  1949 | D        | Noticed a phantasmal warrior
  1962 | D        | Killed an ice devil
  1962 | D        | Gained mutation: Your magical capacity is low. (-10% MP) [a
                  | neqoxec]
  1964 | D        | Killed from afar by Jyer the pandemonium lord

Illustrated notes

Levels and vault maps discovered:
D:        sprint_v [room_start, room_1, room_2, room_3, room_4, room_5, room_6,
          room_7, room_8, room_9, room_10, room_11, room_12, room_13, room_14,
          room_15, room_16, room_17, room_18, room_19, room_20, room_21,
          room_22, room_23, room_24, room_25, room_26, room_27]

Skill      XL: |  1  2  3  4  5  6  7  8  9 |
---------------+----------------------------+-----
Axes           | 6 8 11 13 15 16 | 16.7
Shields        | 6 7 8 11 13 14 15 18 | 18.6
Fighting       | |  2.6
Armour         | |  3.2

Action                   |  1- 3 |  4- 6 |  7- 9 || total
-------------------------+-------+-------+-------++-------
Melee: Broad axe         |     4 |    12 |    37 ||    53
 Abil: Heal Wounds       |       |     2 |     3 ||     5
  Use: Potion            |     2 |       |       ||     2
Armor: Crystal plate arm |     1 |    14 |    21 ||    36
Dodge: Dodged            |       |       |     4 ||     4
Block: Tower shield      |     3 |    27 |    48 ||    78
